 Dungeon Crawl Stone Soup version 0.30-a0-824-g6c64550be9 (webtiles) character file.

Game seed: 5213135982319505903

35 cforsyth the Sneak (level 3, -4/22 HPs)
             Began as a Kobold Brigand on Feb 28, 2023.
             Slain by a gnoll
             ... wielding a +0 halberd
              (10 damage)
             ... on level 2 of the Dungeon.
             The game lasted 00:00:51 (1152 turns).

cforsyth the Sneak (Kobold Brigand)                 Turns: 1152, Time: 00:00:51

Health: -4/22      AC:  3    Str:  8    XL:     3   Next: 55%
Magic:  3/3        EV:  5    Int: 12    God:
Gold:   41         SH:  0    Dex: 18    Spells: 2/2 levels left

rFire   . . .      SeeInvis .    a - +2 dagger
rCold   . . .      Faith    .    (no shield)
rNeg    . . .      Spirit   .    b - +0 robe
rPois   .          Reflect  .    (no helmet)
rElec   .          Harm     .    c - +0 cloak
rCorr   .          Rampage  .    (no gloves)
Will    .....                    (no boots)
Stlth   ++++                     (no amulet)
HPRegen 0.23/turn                (no ring)
MPRegen 0.08/turn                (no ring)

@: held, constricted
A: small, no large weapons, nightstalker 3
a: no special abilities


You were on level 2 of the Dungeon.
You visited 1 branch of the dungeon, and saw 2 of its levels.

You collected 41 gold pieces.

Inventory:

Hand Weapons
 a - a +2 dagger (weapon)
Missiles
 d - 15 poisoned darts (quivered)
 e - 3 curare-tipped darts
Armour
 b - a +0 robe (worn)
 c - a +0 cloak (worn)
Jewellery
 h - a ring of flight
 j - a ring of resist corrosion
 n - a ring of protection from cold
Scrolls
 f - 2 scrolls of identify {unknown}
 g - a scroll of magic mapping {unknown}
 k - 2 scrolls of vulnerability {unknown}
 m - a scroll of amnesia {unknown}
Potions
 i - a potion of curing {unknown}
 l - 2 potions of heal wounds {unknown}


   Skills:
 + Level 2.7 Fighting
 + Level 3.4 Short Blades
 - Level 2.1 Throwing
 + Level 2.2 Dodging
 + Level 5.7 Stealth


You had 2 spell levels left.
You didn't know any spells.
Your spell library was empty.

Dungeon Overview and Level Annotations

Branches:
Dungeon (2/15)

Altars:


Innate Abilities, Weirdness & Mutations

You are small and have problems with some larger weapons.
You are completely attuned to the shadows.


Message History

You are caught in the web!
n - a ring of protection from cold
There is a web here.
You disentangle yourself.
A gnoll comes into view. It is wielding a +0 spear.
Found a stone staircase leading up.
A gnoll is nearby!
A gnoll comes into view. It is wielding a +0 halberd.
The gnoll shouts!
You hear a shout!
A frilled lizard and a gnoll come into view.
A ball python comes into view.
The gnoll misses you.
The gnoll hits you from afar with a +0 halberd.
The frilled lizard hisses angrily.
The ball python hisses angrily.
You hit the gnoll but do no damage.
A gnoll comes into view. It is wielding a +0 halberd.
The gnoll hits you with a +0 spear.
The gnoll hits you from afar with a +0 halberd.
You are too injured to fight recklessly!
You are too injured to fight recklessly!
You are too injured to fight recklessly!
You are too injured to fight recklessly!
You are too injured to fight recklessly!
You are too injured to fight recklessly!
You are too injured to fight recklessly!
You are too injured to fight recklessly!
The gnoll attacks as you move away! The gnoll misses you.
The gnoll throws a throwing net.
The throwing net hits you.
You become entangled in the net!
You see here a throwing net.
You struggle against the net.
You struggle against the net.
The gnoll hits you from afar with a +0 halberd.
* * * LOW HITPOINT WARNING * * *
The ball python bites you but does no damage.
The ball python grabs you. The ball python constricts you.
* * * LOW HITPOINT WARNING * * *
You struggle against the net.
The gnoll hits you from afar with a +0 halberd!
You die...

#... #...#
.g..# . #..##
.S#g..########
...ggl......^#
..##S..#####.#
#@.## #.#.#
#..# #.#.#
#..# #.#.#
#..# #.#.#
#..# #...# .
###.####
###..##.......
..........####
#....##.###


You could see 3 gnolls, a ball python and a frilled lizard.

Vanquished Creatures
  An adder (D:2)
  A dart slug (D:1)
  2 ball pythons (D:1)
  3 endoplasms (D:1)
  2 goblins
  5 hobgoblins (D:1)
  3 quokkas (D:1)
  2 frilled lizards (D:1)
  3 kobolds (D:1)
22 creatures vanquished.

Notes
Turn   | Place    | Note
-------+----------+-------------------------------------------
     0 | D:1      | cforsyth the Kobold Brigand began the quest for the Orb.
     0 | D:1      | Reached XP level 1. HP: 12/12 MP: 1/1
   135 | D:1      | Reached XP level 2. HP: 18/18 MP: 2/2
   338 | D:1      | Found a faded altar of an unknown god.
   576 | D:1      | Reached XP level 3. HP: 15/22 MP: 3/3
  1152 | D:2      | Slain by a gnoll

Illustrated notes

Levels and vault maps discovered:
D:1:      minmay_arrival_doors, layout_basic,
          shapermc_ecumenical_altar_mp_ritualfount, serial_rivers,
          chequers_serial_rivers_small_3, chequers_serial_rivers_room_a,
          chequers_serial_rivers_large_a, chequers_serial_rivers_micro_b,
          chequers_serial_rivers_marsh, kennysheep_doodads
D:2:      layout_loops_ring, hex_large, eino_tiny_chamber, corner_web_ring,
          minmay_quantized

Skill      XL: |  1  2 |
---------------+-------+-----
Short Blades   | 3 |  3.4
Dodging        | 2 |  2.2
Fighting       | |  2.7
Throwing       | |  2.1
Stealth        | |  5.7

Action                     || total
---------------------------++-------
  Melee: Dagger            ||    41
   Stab: Sleeping          ||    14
 Armour: Robe              ||     2
  Dodge: Dodged            ||    21

Table legend: (Time is in decaauts)
 A = Elapsed time spent in this place.
 B = Non-inter-level travel time spent in this place.
 C = Inter-level travel time spent in this place.
 D = Time resting spent in this place.
 E = Time spent auto-exploring this place.
 F = Levels seen in this place.
 G = Mean time per level.
                   A        B        C        D        E       F      G
               +--------+--------+--------+--------+--------+-----+--------+
         Total |   1166 |   1129 |     37 |      0 |    991 |   2 |  583.0 |
       Dungeon |   1166 |   1129 |     37 |      0 |    991 |   2 |  583.0 |
               +--------+--------+--------+--------+--------+-----+--------+

Top non-repeatable levels by time:
     D:1: 1110 daAuts
     D:2: 55 daAuts
